 Dungeon Crawl Stone Soup version 0.20-a0-350-ga83eecc (webtiles) character file.

11 TheGoonsmith the Skirmisher (level 2, -1/16 HPs)
             Began as a Vine Stalker Fighter on Dec 23, 2016.
             Slain by a worm (5 damage)
             ... on level 2 of the Dungeon.
             The game lasted 00:00:55 (808 turns).

TheGoonsmith the Skirmisher (Vine Stalker Fighter)   Turns: 808, Time: 00:00:56

Health: -1/16      AC:  8    Str: 18    XL:     2   Next: 25%
Magic:  0/3        EV:  4    Int:  8    God:
Gold:   34         SH:  9    Dex: 13    Spells: 1/1 levels left

rFire  . . .     SeeInvis .     a - +0 flail
rCold  . . .     Gourm    .     l - +0 chain mail
rNeg   . . .     Faith    .     c - +0 shield
rPois  .         Spirit   +     (no helmet)
rElec  .         Reflect  .     (no cloak)
rCorr  .         Harm     .     (no gloves)
MR     .....                    (no boots)
Stlth  ..........               (no amulet)
                                (no ring)
                                (no ring)

@: no status effects
A: fangs 2, magic shield, antimagic bite, no device heal 3, rot immunity
a: no special abilities


You were on level 2 of the Dungeon.
You were not hungry.

You visited 1 branch of the dungeon, and saw 2 of its levels.

You collected 34 gold pieces.

Inventory:

Hand Weapons
 a - a +0 flail (weapon)
Armour
 b - a +0 scale mail
 c - a +0 shield (worn)
 l - a +0 chain mail (worn)
Jewellery
 e - an uncursed ring of poison resistance {unknown}
 h - an uncursed ring of protection from cold {unknown}
Scrolls
 g - a scroll of recharging {unknown}
Potions
 d - a potion of might
 i - 2 potions of curing {unknown}
 j - a potion of flight {unknown}
 k - a potion of heal wounds {unknown}
Comestibles
 f - a bread ration
 m - 2 meat rations
 n - 2 fruits


   Skills:
 + Level 2.9 Fighting
 * Level 2.1 Maces & Flails
 - Level 2.4 Armour
 + Level 2.8 Shields


You had one spell level left.
You didn't know any spells.

Dungeon Overview and Level Annotations

Branches:
Dungeon (2/15)

Altars:


Innate Abilities, Weirdness & Mutations

You have extremely sharp teeth.
When hurt, damage is shared between your health and your magic reserves.
Your bite disrupts and absorbs the magic of your enemies.
Potions cannot restore your health.
You are immune to rotting.


Message History

Your shield and chain mail prevent you from hitting the worm.
You bite the worm. You drain its power.
The worm is lightly wounded.
The worm bites you.
Your shield and chain mail prevent you from hitting the worm.
The worm is lightly wounded.
Your chain mail prevents you from hitting the worm.
Your bite misses the worm.
The worm is lightly wounded.
The worm bites you.
Your shield and chain mail prevent you from hitting the worm.
You bite the worm. You drain its power.
The worm is lightly wounded.
The worm bites you!
* * * LOW HITPOINT WARNING * * *
Your chain mail prevents you from hitting the worm.
You bite the worm. You drain its power.
You feel invigorated.
The worm is lightly wounded.
The worm bites you!
You die...

.......# ......
#...# #...# #<..#
### #...###### ...
##.......# ..
#.#####.###.#
#....##..@w.#
########.##.##.###.#
.......#.##.##.###
..
####.............#
#.. #........##.#.#
.# ##
#........##.#.##.#
#.....#####......#
#.....##.......###
#####.##.####>.#####


You could see a worm.

Vanquished Creatures
  A ball python (D:1)
  2 goblins (D:1)
  A hobgoblin (D:1)
  2 kobolds
  A bat (D:1)
  A frilled lizard (D:1)
  3 rats (D:1)
11 creatures vanquished.

Notes
Turn   | Place    | Note
-------+----------+-------------------------------------------
     0 | D:1      | TheGoonsmith the Vine Stalker Fighter began the quest for the Orb.
     0 | D:1      | Reached XP level 1. HP: 11/11 MP: 2/2
     0 | D:1      | Noticed a human
     0 | D:1      | Noticed an ogre
     1 | D:1      | Noticed a human
     1 | D:1      | Noticed an elf
     3 | D:1      | Noticed a formicid
     3 | D:1      | Noticed a gargoyle
     7 | D:1      | Noticed an ogre
     9 | D:1      | Noticed a human
    11 | D:1      | Noticed a dwarf
    13 | D:1      | Noticed a formicid
    13 | D:1      | Noticed a vampire
    15 | D:1      | Noticed a felid
    15 | D:1      | Noticed a minotaur
    15 | D:1      | Noticed a formicid
    17 | D:1      | Noticed a ghoul
    17 | D:1      | Noticed a formicid
    19 | D:1      | Noticed a felid
    19 | D:1      | Noticed a human
    21 | D:1      | Noticed an octopode
   433 | D:1      | Reached XP level 2. HP: 16/16 MP: 3/3
   808 | D:2      | Slain by a worm

Vault maps used:
D:1:      shiori_arrival_whats_in_store_for_you, minmay_misc_feat_iff
D:2:      kennysheep_generic_room_12, uniq_robin

Skill      XL: |  1 |
---------------+----+-----
Maces & Flails | 2 |  2.1
Fighting       | |  2.9
Armour         | |  2.4
Shields        | |  2.8

Action                   || total
-------------------------++-------
Melee: Flail             ||    39
       Bite              ||    10
Armor: Scale mail        ||     8
       Chain mail        ||     3
Dodge: Dodged            ||    10
Block: Shield            ||    12
